 Dungeon Crawl Stone Soup version 0.28-a0-1387-g3a22ab9bdc (webtiles) character file.

Game seed: 14937994804651694575

114335 lunkers the Warrior (level 16, -28/161 HPs)
             Began as a Minotaur Cinder Acolyte on Jan 2, 2022.
             Was a High Priest of Ignis.
             Annihilated by a bunyip (40 damage)
             ... called by a spriggan druid
             ... on level 2 of the Swamp.
             The game lasted 00:39:15 (24798 turns).

lunkers the Warrior (Minotaur Cinder Acolyte)      Turns: 24798, Time: 00:39:16

Health: -28/161    AC: 24    Str: 33    XL:     16   Next: 16%
Magic:  16/16      EV: 14    Int: 11    God:    Ignis [*****.]
Gold:   498        SH:  4    Dex:  6    Spells: 15/17 levels left

rFire   + + .      SeeInvis +   d - +10 morningstar of the Empty Page {vamp, Fragile rN++ Str+3 SInv}
rCold   + . .      Faith    .   a - +0 buckler
rNeg    + + +      Spirit   .   M - +6 plate armour of Existentialism {rElec Will++}
rPois   +          Reflect  .   U - -2 hat of the Alchemist {rElec rPois rF+ rC+ rN+ Will+ rMut rCorr}
rElec   +          Harm     .   (no cloak)
rCorr   +          Rampage  .   u - +2 pair of gloves {Str+3}
rMut    +                       h - +1 pair of boots
Will    ++++.                   m - amulet of regeneration
Stlth   ..........              n - +4 ring of evasion
HPRegen 1.16/turn               C - +4 ring of slaying
MPRegen 0.15/turn

@: about to teleport, corroded
A: horns 2, retaliatory headbutt
a: Renounce Religion, Fiery Armour, Foxfire Swarm, Rising Flame


You were on level 2 of the Swamp.
You worshipped Ignis.
Ignis was extremely pleased with you.
You visited 4 branches of the dungeon, and saw 22 of its levels.
You also visited: Ossuary and Volcano.

You collected 2256 gold pieces.
You spent 1758 gold pieces at shops.

Inventory:

Hand Weapons
 d - the +10 morningstar of the Empty Page (weapon) {vamp, Fragile rN++ Str+3 SInv}
   (You found it on level 1 of the Swamp)

   It occasionally heals its wielder for a portion of the damage dealt when it
   wounds a living foe.
   Str:       It affects your strength (+3).
   rN:        It greatly protects you from negative energy.
   SInv:      It lets you see invisible.
   Fragile:   It will be destroyed if unequipped.
 D - a +1 battleaxe of flaming
 K - the +5 glaive of Misery {flame, *Noise rCorr Str+9}
   (You found it on level 2 of the Lair of Beasts)

   It burns those it strikes, dealing additional fire damage.
   Big, fiery blades are also staple armaments of hydra-hunters.
   Str:       It affects your strength (+9).
   *Noise:    It may make noises in combat.
   rCorr:     It protects you from acid and corrosion.
 W - a +1 vorpal battleaxe
Missiles
 i - 538 stones
 l - 3 datura-tipped darts
 x - 16 javelins
 A - 18 poisoned darts (quivered)
 V - 4 throwing nets
 X - 10 boomerangs
 Z - 2 curare-tipped darts
Armour
 a - a +0 buckler (worn)
 h - a +1 pair of boots (worn)
 u - a +2 pair of gloves of strength (worn)
 M - the +6 plate armour of Existentialism (worn) {rElec Will++}
   (You found it on level 4 of the Lair of Beasts)

   rElec:     It insulates you from electricity.
   Will:      It greatly increases your willpower.
 U - the -2 hat of the Alchemist (worn) {rElec rPois rF+ rC+ rN+ Will+ rMut rCorr}
   (You bought it in a shop on level 2 of the Orcish Mines)

   rF:        It protects you from fire.
   rC:        It protects you from cold.
   rElec:     It insulates you from electricity.
   rPois:     It protects you from poison.
   rN:        It protects you from negative energy.
   rCorr:     It protects you from acid and corrosion.
   rMut:      It protects you from mutation.
   Will:      It increases your willpower.
Jewellery
 m - an amulet of regeneration (around neck)
 n - a +4 ring of evasion (left hand)
 w - a ring of protection from cold
 B - a ring of flight
 C - a +4 ring of slaying (right hand)
 F - an amulet of reflection
 I - a ring of fire
 L - a ring of ice
Wands
 t - a wand of iceblast (16)
 y - a wand of mindburst (9)
 G - a wand of flame (22)
 H - a wand of paralysis (12)
 R - a wand of charming (5)
 S - a wand of digging (6)
Scrolls
 c - 8 scrolls of teleportation
 e - 4 scrolls of enchant armour
 g - a scroll of magic mapping
 o - 2 scrolls of amnesia
 v - 5 scrolls of fog
 z - a scroll of enchant weapon
 J - a scroll of blinking
 T - 3 scrolls of fear
Potions
 b - a potion of magic
 f - 2 potions of flight
 j - 6 potions of lignification
 k - 4 potions of mutation
 p - 2 potions of haste
 q - 8 potions of curing
 r - a potion of invisibility
 s - 6 potions of ambrosia
 E - 6 potions of attraction
 N - 3 potions of heal wounds
 O - a potion of cancellation
 P - 3 potions of berserk rage
 Q - 5 potions of might


   Skills:
 + Level 19.6 Fighting
 - Level 14.0(15.6) Axes
 * Level 3.4(9.7) Maces & Flails
 - Level 10.9(14.0) Polearms
 + Level 17.8 Armour
 - Level 5.0 Dodging
 - Level 4.0 Shields
 - Level 1.0 Spellcasting
 - Level 2.1 Fire Magic
 + Level 10.7 Evocations


You had 15 spell levels left.
You knew the following spells:

 Your Spells              Type           Power      Damage    Failure   Level
b - Scorch                Fire           10%        2d5       63%         2

Your spell library contained the following spells:

 Spells                   Type           Power      Damage    Failure   Level
 Animate Skeleton         Necr           0%         N/A       78%         1
 Apportation              Tloc           0%         N/A       78%         1
 Shock                    Conj/Air       0%         1d3       78%         1
 Summon Small Mammal      Summ           0%         N/A       78%         1
 Static Discharge         Conj/Air       0%         N/A       89%         2
 Dazzling Flash           Conj/Hex       0%         N/A       98%         3
 Mephitic Cloud           Conj/Pois/Air  0%         N/A       98%         3
 Ozocubu's Armour         Ice            0%         N/A       98%         3
 Swiftness                Air            0%         N/A       98%         3
 Airstrike                Air            0%         N/A       100%        4
 Animate Dead             Necr           0%         N/A       100%        4
 Cause Fear               Hex            0%         N/A       100%        4
 Leda's Liquefaction      Hex/Erth       0%         N/A       100%        4
 Agony                    Necr           0%         N/A       100%        5
 Alistair's Intoxication  Tmut/Pois      0%         N/A       100%        5
 Borgnjor's Vile Clutch   Necr/Erth      0%         N/A       100%        5
 Lee's Rapid Deconstruct  Erth           0%         3d5*      100%        5
 Lightning Bolt           Conj/Air       0%         1d11      100%        5
 Metabolic Englaciation   Hex/Ice        0%         N/A       100%        5
 Silence                  Hex/Air        0%         N/A       100%        5
 Eringya's Noxious Bog    Tmut/Pois      0%         N/A       100%        6
 Simulacrum               Ice/Necr       0%         N/A       100%        6
 Statue Form              Tmut/Erth      0%         N/A       100%        6
 Dragon Form              Tmut           0%         N/A       100%        7
 Maxwell's Capacitive Co  Air            0%         ∞         100%        8
 Necromutation            Tmut/Necr      0%         N/A       100%        8
 Dragon's Call            Summ           0%         N/A       100%        9


Dungeon Overview and Level Annotations

Branches:
Dungeon (12/15)            Temple (0/1) D:6            Lair (6/6) D:8
  Swamp (2/4) Lair:4       Spider (0/4) Lair:3        Slime (0/5) Lair:5
    Orc (2/2) D:10            Elf (0/3) Orc:2       Ossuary (visited)
Volcano (visited)

Altars:
Dithmenos
Fedhas
Gozag
Kikubaaqudgha
Makhleb
Nemelex Xobeh
Okawaru
Sif Muna
Trog
Xom
The Shining One
Beogh
Jiyva

Shops:
D:1 [[?   D:9 :   D:11 *   Orc:1 *   Orc:2 *[(!

Annotations:
D:4 1 runed translucent door, SirDiesAlot's ghost, amateur DjWz
Lair:4 1 runed translucent door


Innate Abilities, Weirdness & Mutations

You have a pair of horns on your head.
You reflexively headbutt those who attack you in melee.


Message History

You sock the swamp dragon!
You kill the swamp dragon!
The goliath frog hits you but does no damage.
The swamp worm bites you!
The bunyip howls a warning cry!
The tyrant leech bites you!
* * * LOW HITPOINT WARNING * * *
You impale the tyrant leech!!
You feel better.
The tyrant leech is moderately wounded.
The goliath frog hits you from afar!
You are splashed with acid.
You resist.
* * * LOW HITPOINT WARNING * * *
The swamp worm bites you!!
* * * LOW HITPOINT WARNING * * *
You puncture the tyrant leech!
You feel better.
You headbutt the tyrant leech!
The tyrant leech is heavily wounded.
The bunyip claws you!!!
* * * LOW HITPOINT WARNING * * *
The bunyip misses you.
The bunyip claws you but does no damage.
The goliath frog misses you. The tyrant leech bites you.
* * * LOW HITPOINT WARNING * * *
The swamp worm barely misses you.
As you read the scroll of teleportation, it crumbles to dust.
You feel strangely unstable. The goliath frog completely misses you.
The swamp worm bites you but does no damage.
The tyrant leech bites you!
* * * LOW HITPOINT WARNING * * *
The swamp worm fires a harpoon shot at you.
The harpoon shot hits you.
* * * LOW HITPOINT WARNING * * *
You are yanked forward by the harpoon shot.
The goliath frog closely misses you. The swamp worm misses you.
The bunyip howls a warning cry!
The swamp worm fires a harpoon shot at you.
The harpoon shot hits you!
* * * LOW HITPOINT WARNING * * *
You are yanked forward by the harpoon shot.
The tyrant leech misses you. You block the bunyip's attack.
The bunyip closely misses you. The bunyip claws you!!!
You die...

♣♣.♣♣.♣♣♣..≈.♣♣
♣.≈.≈≈...≈≈..§♣
♣♣≈≈.≈......≈≈.♣♣ .♣
♣♣........≈♣....$♣♣♣.≈≈
♣♣...≈≈†.......≈§♣♣.♣..♣
♣≈.........≈.≈≈≈≈...≈.≈♣
♣♣.....≈..§≈.≈....≈≈.♣.♣
♣≈...♣≈..≈.....ww)....♣
♣♣§†.≈.§..≈..§.x@..§≈.♣♣
♣♣≈.≈......≈..F≈.....≈♣
♣♣≈.≈...≈...≈≈§≈≈....≈♣..
♣..≈......≈≈..≈......♣..≈
♣≈..≈...≈§≈......(.....♣≈
...≈.≈≈.≈≈.≈...######.≈≈≈.
≈.§≈..≈..≈.≈........#≈≈≈.♣
.≈.≈≈.....≈.≈.#......§♣≈≈♣
.≈♣♣....≈.§≈..#......≈≈.≈♣


You could see a bunyip (strong, catching breath), a tyrant leech (strong), a
goliath frog (strong) and a swamp worm (strong).

Vanquished Creatures
  Gastronok (D:8)
  The ghost of Urgle the Grappler, a journeyman TrFi of Cheibriados (Swamp:1)
  3 ghouls (Swamp:1)
  2 orc warlords (Orc:2)
  The ghost of ThrustWizard the Fencer, a journeyman DsGl of Qazlal (Swamp:1)
  An eleionoma (Swamp:2)
  A bunyip (Swamp:1)
  Josephine (D:10)
  2 fire dragons
  Harold (D:10)
  Fannar (Lair:1)
  2 boulder beetles (Lair:6)
  17 hydras
  2 catoblepae (Lair:3)
  18 death yaks
  2 alligators
  4 two-headed ogres
  2 orc high priests (Orc:2)
  A tengu warrior (D:9)
  Nergalle (D:10)
  A goliath frog (Swamp:1)
  2 spriggan druids (Swamp:2)
  An orb spider (Lair:3)
  A swamp dragon (Swamp:2)
  Pikel (D:7)
  2 bog bodies (Swamp:1)
  5 lindwurms
  3 orc knights (Orc:2)
  3 will-o-the-wisps (Swamp:1)
  2 cyclopes (D:12)
  An orc sorcerer (Orc:2)
  2 manticores
  15 elephants
  Joseph (D:10)
  3 torpor snails
  10 black mambas
  5 molten gargoyles
  4 smoke demons (Volcano)
  8 cane toads
  Maggie (D:8)
  A gargoyle (D:12)
  A rime drake (Lair:3)
  2 kobold demonologists (D:11)
  15 komodo dragons
  A queen bee (Lair:1)
  2 polar bears
  11 trolls
  3 hornets (Swamp:2)
  3 slime creatures (D:12)
  31 blink frogs
  A tyrant leech (Swamp:1)
  7 dream sheep (Lair:5)
  A centaur simulacrum (D:11)
  4 spriggans (Swamp:2)
  A shadow (D:11)
  3 wraiths (D:10)
  69 yaks
  9 wyverns
  3 basilisks (Lair:6)
  3 fire bats (Orc:2)
  10 steam dragons
  6 vampire mosquitoes
  16 water moccasins
  7 swamp worms
  An acid dragon (D:10)
  4 hell hounds
  2 ice beasts
  30 orc warriors
  4 sky beasts
  3 hornet zombies
  A necrophage (D:7)
  2 black bears
  8 ogres
  36 wolves
  3 phantoms
  4 centaurs
  4 kobold brigands
  A lemure (D:8)
  An elf zombie (Ossuary)
  16 bullfrogs
  A scorpion (D:3)
  A wyvern zombie (D:7)
  A wyvern skeleton (D:6)
  34 killer bees
  2 howler monkeys
  3 electric eels
  7 centaur zombies
  10 lava snakes
  6 hounds
  A human zombie (Ossuary)
  A bullfrog skeleton (D:5)
  24 orc priests
  A centaur skeleton (D:5)
  Natasha (twice) (D:3)
  2 iguanas
  26 orc wizards
  A hound skeleton (D:5)
  2 mummies (Ossuary)
  2 howler monkey zombies
  5 gnolls
  7 adders
  A white imp (D:8)
  5 ufetubi
  An adder zombie (Ossuary)
  2 worms (D:2)
  4 dart slugs
  94 orcs
  8 ball pythons
  9 endoplasms
  3 giant cockroaches
  10 hobgoblins
  3 quokkas
  6 bats
  2 frilled lizards
  3 goblins
  A goblin zombie (Ossuary)
  11 hobgoblin zombies (Ossuary)
  A jackal zombie (Ossuary)
  12 kobolds
  13 kobold zombies (Ossuary)
  4 orc zombies (Ossuary)
  3 rats
  2 rat zombies (Ossuary)
802 creatures vanquished.

Vanquished Creatures (others)
  10 foxfires (Swamp:1)
  21 fungi
  24 plants
  9 toadstools (Lair:4)
  6 withered plants (Swamp:1)
70 creatures vanquished.

Grand Total: 872 creatures vanquished

Notes
Turn   | Place    | Note
-------+----------+-------------------------------------------
     0 | D:1      | lunkers the Minotaur Cinder Acolyte began the quest for the
                  | Orb.
     0 | D:1      | Reached XP level 1. HP: 19/19 MP: 1/1
   300 | D:1      | Found Qydodon's Armour Emporium.
   481 | D:1      | Found Pen Ith's Antique Armour Emporium.
   550 | D:1      | Reached XP level 2. HP: 22/27 MP: 2/2
   874 | D:1      | Found Qomn's Magic Scroll Shop.
   986 | D:1      | Reached skill level 4 in Fighting
  1427 | D:2      | Reached XP level 3. HP: 23/33 MP: 3/3
  1433 | D:2      | Learned a level 2 spell: Scorch
  1627 | D:2      | Found a bloodstained altar of Trog.
  1772 | D:2      | Reached skill level 5 in Axes
  2333 | D:3      | Noticed a scorpion
  2336 | D:3      | Reached XP level 4. HP: 41/41 MP: 4/4
  2338 | D:3      | Killed a scorpion
  2468 | D:3      | Reached XP level 5. HP: 46/47 MP: 5/5
  2622 | D:3      | Reached skill level 5 in Fighting
  2711 | D:3      | Noticed Natasha
  2729 | D:3      | Killed Natasha
  2866 | D:3      | Noticed a sky beast
  2870 | D:3      | Killed a sky beast
  2871 | D:3      | Reached XP level 6. HP: 47/56 MP: 6/6
  2965 | D:3      | Noticed Natasha
  2970 | D:3      | Killed Natasha
  3272 | D:4      | Reached skill level 6 in Fighting
  3405 | D:4      | Found an ancient bone altar of Kikubaaqudgha.
  3652 | D:4      | Found a runed translucent door.
  3654 | D:4      | Noticed SirDiesAlot's ghost (amateur DjWz)
  3782 | D:4      | Noticed a steam dragon
  3792 | D:4      | Killed a steam dragon
  3793 | D:4      | Reached XP level 7. HP: 48/64 MP: 2/7
  4122 | D:4      | Got the Handbook of the Nightingale
  4421 | D:5      | Entered Level 5 of the Dungeon
  4791 | D:5      | Found a sand-covered staircase.
  4802 | Ossuary  | Entered an ossuary
  5001 | Ossuary  | Reached skill level 7 in Fighting
  5293 | D:5      | Reached XP level 8. HP: 66/73 MP: 8/8
  5432 | D:5      | Reached skill level 10 in Axes
  5882 | D:5      | Found a sparkling altar of Nemelex Xobeh.
  6037 | D:6      | Reached skill level 8 in Fighting
  6490 | D:6      | Found an iron altar of Okawaru.
  6568 | D:6      | Reached XP level 9. HP: 82/82 MP: 9/9
  6586 | D:6      | Found a staircase to the Ecumenical Temple.
  6596 | D:6      | Reached skill level 9 in Fighting
  7105 | D:1      | Bought a heavily runed chain mail for 171 gold pieces
  7105 | D:1      | Identified the +2 chain mail "Dadole" {+Inv rElec} (You
                  | bought it in a shop on level 1 of the Dungeon)
  7388 | D:7      | Reached skill level 1 in Armour
  7402 | D:7      | Reached skill level 1 in Evocations
  7413 | D:7      | Noticed a troll
  7424 | D:7      | Killed a troll
  7556 | D:7      | Noticed a two-headed ogre
  7562 | D:7      | Noticed a two-headed ogre
  7566 | D:7      | Killed a two-headed ogre
  7567 | D:7      | Reached skill level 10 in Fighting
  7567 | D:7      | Reached XP level 10. HP: 55/93 MP: 10/10
  7568 | D:7      | Noticed a seven-headed hydra
  7664 | D:7      | Found a shadowy altar of Dithmenos.
  7741 | D:7      | Found a shimmering blue altar of Sif Muna.
  7859 | D:7      | Killed a three-headed hydra
  7863 | D:7      | Killed a two-headed ogre
  8513 | D:8      | Noticed Pikel
  8518 | D:8      | Noticed Maggie
  8538 | D:7      | Killed Pikel
  8539 | D:7      | Reached skill level 5 in Armour
  8539 | D:7      | Reached skill level 5 in Evocations
  8545 | D:8      | Killed Maggie
  8620 | D:8      | Found a staircase to the Lair.
  8642 | D:8      | Reached skill level 11 in Fighting
  8665 | D:8      | Noticed Gastronok
  8688 | D:8      | Killed Gastronok
  8689 | D:8      | Reached XP level 11. HP: 102/102 MP: 11/11
  8834 | D:8      | Found an opulent altar of Gozag.
  8958 | D:8      | Found a shimmering altar of Xom.
  9404 | D:8      | Found a burning altar of Makhleb.
 10337 | D:9      | Found a glowing golden altar of the Shining One.
 10397 | D:9      | Found Selauh's Book Boutique.
 10832 | D:9      | Noticed a tengu warrior
 10857 | D:9      | Killed a tengu warrior
 11138 | Lair:1   | Entered Level 1 of the Lair of Beasts
 11194 | Lair:1   | Reached skill level 1 in Shields
 11384 | Lair:1   | Reached skill level 12 in Fighting
 11552 | Lair:1   | Noticed a seven-headed hydra
 11568 | Lair:1   | Killed a three-headed hydra
 11645 | Lair:1   | Noticed Fannar
 11669 | Lair:1   | Killed Fannar
 12012 | Lair:1   | Reached XP level 12. HP: 108/113 MP: 12/12
 12573 | Lair:2   | Identified the +5 glaive of Misery {flame, *Noise rCorr
                  | Str+9}
 12767 | Lair:2   | Reached skill level 13 in Fighting
 12885 | Lair:2   | Noticed a four-headed hydra
 12891 | Lair:2   | Killed a two-headed hydra
 13456 | Lair:3   | Noticed a death yak
 13462 | Lair:3   | Killed a death yak
 13463 | Lair:3   | Reached skill level 10 in Armour
 13519 | Lair:3   | Noticed a four-headed hydra
 13525 | Lair:3   | Killed a one-headed hydra
 13596 | Lair:3   | Found a hole to the Spider Nest.
 14003 | Lair:3   | Reached skill level 5 in Polearms
 14105 | Lair:3   | Noticed a catoblepas
 14112 | Lair:3   | Killed a catoblepas
 14405 | Lair:4   | Noticed a death yak
 14405 | Lair:4   | Noticed a death yak
 14406 | Lair:4   | Noticed a death yak
 14408 | Lair:4   | Noticed a death yak
 14408 | Lair:4   | Noticed a death yak
 14411 | Lair:4   | Noticed a death yak
 14414 | Lair:4   | Noticed a death yak
 14418 | Lair:3   | Killed a death yak
 14419 | Lair:3   | Reached skill level 14 in Fighting
 14454 | Lair:4   | Noticed a death yak
 14456 | Lair:4   | Noticed a death yak
 14471 | Lair:3   | Killed a death yak
 14575 | Lair:3   | Killed a death yak
 14579 | Lair:3   | Killed a death yak
 14580 | Lair:3   | Reached XP level 13. HP: 93/124 MP: 13/13
 15030 | Lair:4   | Found a staircase to the Swamp.
 15359 | Lair:4   | Identified the +6 plate armour of Existentialism {rElec
                  | Will++}
 15429 | Lair:4   | Reached skill level 15 in Fighting
 15735 | Lair:4   | Found a runed translucent door.
 16325 | Lair:5   | Reached skill level 10 in Polearms
 16615 | Lair:5   | Reached XP level 14. HP: 113/136 MP: 14/14
 16777 | Lair:5   | Found a staircase to the Slime Pits.
 16778 | Lair:5   | Found a viscous altar of Jiyva.
 17427 | Lair:6   | Entered Level 6 of the Lair of Beasts
 17434 | Lair:5   | Reached skill level 16 in Fighting
 18064 | Lair:6   | Reached skill level 17 in Fighting
 18242 | Lair:6   | Reached skill level 15 in Armour
 18565 | Lair:6   | Found a large runed translucent door.
 18566 | Lair:6   | Found a large runed translucent door.
 18588 | Lair:6   | Reached skill level 18 in Fighting
 19424 | D:10     | Entered Level 10 of the Dungeon
 19440 | D:10     | Noticed Nergalle
 19445 | D:10     | Killed Nergalle
 19520 | D:10     | Reached XP level 15. HP: 149/149 MP: 15/15
 19696 | D:10     | Found a staircase to the Orcish Mines.
 19749 | D:10     | Noticed Josephine
 19760 | D:10     | Killed Josephine
 19761 | D:10     | Reached skill level 1 in Dodging
 19856 | D:10     | Found a blossoming altar of Fedhas.
 19865 | D:10     | Noticed Harold
 19866 | D:10     | Noticed Joseph
 19869 | D:10     | Killed Harold
 19878 | D:10     | Killed Joseph
 20028 | Orc:1    | Entered Level 1 of the Orcish Mines
 20028 | Orc:1    | Found Ewkuf's General Store.
 20306 | Orc:2    | Entered Level 2 of the Orcish Mines
 20442 | Orc:2    | Noticed an orc warlord
 20466 | Orc:2    | Killed an orc warlord
 20475 | Orc:2    | Found a staircase to the Elven Halls.
 20589 | Orc:2    | Found a dark tunnel.
 20604 | Volcano  | Entered a volcano
 21004 | Orc:2    | Noticed an orc warlord
 21020 | Orc:2    | Killed an orc warlord
 21026 | Orc:2    | Found Muuv's Antique Weapon Emporium.
 21029 | Orc:2    | Found Batececw's Antique Armour Shoppe.
 21133 | Orc:2    | Bought a pair of shimmering gloves for 218 gold pieces
 21133 | Orc:2    | Identified the +0 pair of gloves of Kenex {rPois rN+ rCorr}
                  | (You bought it in a shop on level 2 of the Orcish Mines)
 21266 | Orc:2    | Found Kesky's Distillery.
 21505 | Orc:2    | Bought the -2 hat of the Alchemist {rElec rPois rF+ rC+ rN+
                  | Will+ rMut rCorr} for 1085 gold pieces
 21505 | Orc:2    | Found the -2 hat of the Alchemist {rElec rPois rF+ rC+ rN+
                  | Will+ rMut rCorr}
 21695 | Orc:2    | Found Sutada's General Store.
 22100 | Orc:2    | Bought a pair of embroidered gloves for 172 gold pieces
 22292 | D:11     | You fall into a shaft and drop 1 floor!
 22517 | D:12     | Reached skill level 19 in Fighting
 22927 | D:11     | Found Buyf's General Store.
 22993 | D:11     | Reached skill level 5 in Dodging
 23313 | D:11     | Reached skill level 10 in Evocations
 23510 | Orc:2    | Bought a potion of attraction for 42 gold pieces
 23510 | Orc:2    | Bought a potion of heal wounds for 70 gold pieces
 23693 | Swamp:1  | Entered Level 1 of the Swamp
 23693 | Swamp:1  | Noticed Urgle's ghost (journeyman TrFi)
 23693 | Swamp:1  | Noticed ThrustWizard's ghost (journeyman DsGl)
 23693 | Swamp:1  | Found a runed translucent gate.
 23693 | Swamp:1  | Found a runed translucent gate.
 23693 | Swamp:1  | Found a runed translucent gate.
 24475 | Swamp:1  | Killed ThrustWizard's ghost
 24480 | Swamp:1  | Killed Urgle's ghost
 24481 | Swamp:1  | Reached XP level 16. HP: 161/161 MP: 16/16
 24487 | Swamp:1  | Identified the +10 morningstar of the Empty Page {vamp,
                  | Fragile rN++ Str+3 SInv}
 24501 | Swamp:1  | Identified the +1 helmet "Ehiud" {Int+3}
 24534 | Swamp:2  | Reached skill level 1 in Maces & Flails
 24798 | Swamp:2  | Annihilated by a bunyip

Illustrated notes

Levels and vault maps discovered:
D:1:      dpeg_arrival_tiny_i, layout_loops_ring, serial_shops, shop,
          nicolae_square_shop, shop_statue, serial_forest,
          infiniplex_forest_clump_large, infiniplex_forest_lined_2,
          infiniplex_forest_clump_double, infiniplex_forest_diagonal,
          infiniplex_forest_lined_ring, infiniplex_forest_end_3,
          infiniplex_forest_zigzag_1, infiniplex_forest_straight_1,
          infiniplex_forest_fountain
D:2:      layout_loops_cross, basic_altar
D:3:      layout_loops_ring, uniq_natasha
D:4:      layout_basic, mainiacjoe_overflow_cross_hatched,
          gammafunk_ghost_grave, palyth_stone_intersect,
          kennysheep_generic_room_13
D:5:      layout_basic, nemelex_altar_shiori,
          nicolae_ossuary_entry_false_entrances, kennysheep_generic_room_12
D:6:      layout_loops_ring, okawaru_trees_1, minmay_temple_entry_arrows
D:7:      nzn_winding_woodlands_three_and_one
          [nzn_winding_woodlands_5x15_concentric,
          nzn_winding_woodlands_5x15_pathside_ponds,
          nzn_winding_woodlands_5x15_split_checker,
          nzn_winding_woodlands_center_triple_pond], layout_loops_ring,
          nicolae_dithmenos_through_a_glass_darkly, kennysheep_orc_sif_temple
D:8:      layout_layer_cave, lemuel_tele_altar, nicolae_gozag_seed_capital,
          kennysheep_little_box, erik_lair_island,
          chequers_serial_rivers_micro_d, grunt_ministairs_12, uniq_maggie,
          uniq_gastronok, uniq_pikel
D:9:      layout_basic, amcnicky_altar_gilded, serial_shops, nicolae_shop_trees
D:10:     layout_cave_pools, mainiacjoe_overflow_24_doors, orc_0_dummy,
          uniq_joseph, uniq_josephine, uniq_harold, uniq_nergalle
D:11:     layout_basic, serial_shops, nicolae_shop_hallway_stairs,
          serial_aquarium, aquarium_bridge_straight [aquarium_subvault_bridge,
          aquarium_subvault_wall, aquarium_subvault_bridge,
          aquarium_subvault_balcony], aquarium_window_corridor_2,
          aquarium_window_1, aquarium_view_2g, aquarium_view_2e,
          aquarium_pool_five, kennysheep_generic_room_11
D:12:     layout_irregular_city
Lair:1:   layout_hall_layers, special_room [special_room_bee], uniq_fannar
Lair:2:   layout_layer_cave, infiniplex_staircase_pool_2, grunt_megastairs_2
Lair:3:   layout_chaotic_city, nicolae_spider_entry_orb_guardian
Lair:4:   gammafunk_lair_enchanted_lake, layout_cave_pods, swamp_mist_pool,
          grunt_forest_small_clearings, grunt_megastairs_5
Lair:5:   cheibrodos_magma_flow, layout_hall_layers, slime_altar_1,
          lemuel_fruit_tree, infiniplex_staircase_pool, serial_bayou_shore_a
Lair:6:   cheibrodos_lair_end_hotspot, layout_cave_pods
Swamp:1:  layout_falls_marsh, gammafunk_ghost_cemetery, hangedman_swamp_blocks
Swamp:2:  cheibrodos_swamp_heart_of_darkness, layout_falls_marsh,
          serial_swamp_ruin, evilmike_swamp_ruin_rubble_2,
          evilmike_swamp_ruin_house_2
Orc:1:    layout_caves, serial_shops, shop_statue, nicolae_orc_lava_room
Orc:2:    grunt_orc_community_town_hall, layout_diamond_mine,
          grunt_orc_community_big_house_1, grunt_orc_community_big_house_1,
          grunt_orc_community_house_3, grunt_orc_community_house_3,
          grunt_orc_community_house_1, grunt_orc_community_house_3,
          grunt_orc_community_house_1, grunt_orc_community_house_1,
          nicolae_volcano_entry_batcave

Skill      XL: |  1  2  3  4  5  6  7  8  9 10 11 12 13 14 15 16 |
---------------+-------------------------------------------------+-----
Axes           | 4 5 6 7 8 9 11 13 14 | 14.0
Fighting       | 4 5 6 7 8 10 11 12 14 15 18 19 | 19.6
Armour         | 3 6 8 11 13 16 17 | 17.8
Evocations     | 3 6 8 9 10 | 10.7
Shields        | 4 |  4.0
Polearms       | 7 10 | 10.9
Dodging        | 5 |  5.0
Maces & Flails | 3 |  3.4
Spellcasting   | |  1.0
Fire Magic     | |  2.1

Action                   |  1- 3 |  4- 6 |  7- 9 | 10-12 | 13-15 | 16-18 || total
-------------------------+-------+-------+-------+-------+-------+-------++-------
Melee: Hand axe          |    70 |    14 |   193 |   131 |       |       ||   408
       Headbutt          |     8 |     1 |    29 |    72 |   192 |    12 ||   314
       War axe           |       |       |    65 |     8 |       |       ||    73
       Morningstar       |       |       |       |   284 |       |    58 ||   342
       Glaive            |       |       |       |    96 |   989 |     2 ||  1087
Throw: Stone             |    46 |       |    44 |    12 |    14 |       ||   116
       Dart              |       |       |    11 |    82 |    83 |     7 ||   183
 Cast: Scorch            |    10 |    63 |    51 |       |       |       ||   124
Evoke: Wand              |       |       |     3 |    19 |     2 |       ||    24
  Use: Scroll            |       |     6 |     7 |     5 |    11 |     1 ||    30
       Potion            |       |       |       |     2 |     1 |       ||     3
Armor: Robe              |    16 |    18 |    19 |       |       |       ||    53
       Ring mail         |       |       |    37 |       |       |       ||    37
       Chain mail        |       |       |    23 |   331 |    20 |       ||   374
       Skin              |       |       |       |    18 |       |       ||    18
       Plate armour      |       |       |       |       |   553 |    88 ||   641
Dodge: Dodged            |    27 |    46 |   178 |   358 |   542 |    89 ||  1240
Block: Buckler           |       |       |       |    46 |       |    10 ||    56

Table legend: (Time is in decaauts)
 A = Elapsed time spent in this place.
 B = Non-inter-level travel time spent in this place.
 C = Inter-level travel time spent in this place.
 D = Time resting spent in this place.
 E = Time spent auto-exploring this place.
 F = Levels seen in this place.
 G = Mean time per level.
                   A        B        C        D        E       F      G
               +--------+--------+--------+--------+--------+-----+--------+
         Total |  24979 |  23190 |   1789 |    586 |  17522 |  24 | 1040.8 |
       Dungeon |  12743 |  11836 |    907 |     27 |   9931 |  12 | 1061.9 |
          Lair |   8392 |   7821 |    571 |    483 |   5625 |   6 | 1398.7 |
         Swamp |   1162 |   1151 |     11 |     69 |    760 |   2 |  581.0 |
  Orcish Mines |   1919 |   1621 |    298 |      0 |    929 |   2 |  959.5 |
       Ossuary |    459 |    459 |      0 |      7 |    249 |   1 |  459.0 |
       Volcano |    301 |    301 |      0 |      0 |     28 |   1 |  301.0 |
               +--------+--------+--------+--------+--------+-----+--------+

Top non-repeatable levels by time:
  Lair:6: 1740 daAuts
     D:8: 1677 daAuts
   Orc:2: 1538 daAuts
  Lair:4: 1433 daAuts
  Lair:3: 1407 daAuts
  Lair:5: 1326 daAuts
     D:4: 1314 daAuts
     D:1: 1308 daAuts
  Lair:1: 1307 daAuts
  Lair:2: 1177 daAuts
     D:5: 1167 daAuts
     D:7: 1152 daAuts
     D:6: 1106 daAuts
     D:9: 1090 daAuts
     D:2: 1008 daAuts
